 Dungeon Crawl Stone Soup version 0.31.0-11-ge490571c62 (webtiles) character file.

Game seed: 855933935533254716

5252 booth the Cleaver (level 10, -1/81 HPs)
             Began as a Minotaur Fighter on Feb 10, 2024.
             Was a Priest of Hepliaklqana.
             Slain by a bone dragon (4 damage)
             ... on level 1 of the Abyss.
             The game lasted 00:47:44 (10555 turns).

booth the Cleaver (Minotaur Fighter)               Turns: 10555, Time: 00:47:45

Health: -1/81      AC: 13    Str: 22    XL:     10   Next: 36%
Magic:  12/12      EV:  8    Int:  9    God:    Hepliaklqana [***...]
Gold:   791        SH:  8    Dex:  9    Spells: 9/9 levels left

rFire   . . .        a - +0 war axe
rCold   . . .        P - +0 kite shield
rNeg    . . .        b - +2 scale mail
rPois   .            x - +1 hat
rElec   .            (no cloak)
rCorr   .            (no gloves)
SInv    .            N - +1 pair of boots
Will    .....        (no amulet) Stlth
                     (no ring)
HPRegen 0.33/turn    (no ring)
MPRegen 0.13/turn

%: no passive effects
@: no status effects
A: reduced essence, horns 2, retaliatory headbutt
a: Renounce Religion, Recall Ancestor, Ancestor Identity, Transference


You were on level 1 of the Abyss.
You worshipped Hepliaklqana.
Hepliaklqana was most pleased with you.
You visited 2 branches of the dungeon, and saw 11 of its levels.
You visited the Abyss 1 time.

You collected 791 gold pieces.

Inventory:

Hand Weapons
 a - a +0 war axe (weapon)
 z - a +0 mace
Missiles
 n - 2 boomerangs (quivered)
 o - 28 poisoned darts
 C - 5 atropa-tipped darts
 F - 5 curare-tipped darts
 K - 3 datura-tipped darts
 O - a throwing net
Armour
 b - a +2 scale mail (worn)
 u - a +0 chain mail
 x - a +1 hat (worn)
 N - a +1 pair of boots (worn)
 P - a +0 kite shield (worn)
 R - a +0 plate armour
Jewellery
 m - a ring of ice
 D - a ring of ice
 M - an amulet of magic regeneration
Wands
 w - a wand of flame (33)
 J - a wand of roots (2)
 Q - a wand of paralysis (13)
Scrolls
 d - a scroll of vulnerability {unknown}
 g - a scroll of silence {unknown}
 i - 2 scrolls of teleportation
 p - 2 scrolls of poison
 v - 2 scrolls of fog
 y - 3 scrolls of noise {unknown}
 E - a scroll of enchant weapon {unknown}
 I - 2 scrolls of amnesia
Potions
 e - 3 potions of curing
 f - a potion of lignification
 h - a potion of resistance
 j - 2 potions of berserk rage
 k - a potion of brilliance
 q - 2 potions of enlightenment
 r - a potion of ambrosia
 s - a potion of heal wounds
 t - a potion of cancellation
 A - 2 potions of haste
 B - a potion of degeneration {unknown}
 G - a potion of invisibility {unknown}
 H - a potion of attraction {unknown}
 L - a potion of might


   Skills:
 + Level 9.2 Fighting
 * Level 12.0 Axes
 + Level 2.6 Throwing
 + Level 9.1 Armour
 + Level 4.9 Shields
 + Level 4.9 Invocations


You had 9 spell levels left.
You didn't know any spells.
Your spell library contained the following spells:

 Spells                   Type           Power      Damage    Failure   Level
 Apportation              Tloc           0%         N/A       90%         1
 Kiss of Death            Conj/Necr      0%         2d5       90%         1
 Magic Dart               Conj           0%         1d3       90%         1
 Necrotise                Necr           0%         1d4       90%         1
 Sting                    Conj/Alch      0%         1d3       90%         1
 Summon Small Mammal      Summ           0%         N/A       90%         1
 Blink                    Tloc           0%         N/A       97%         2
 Call Imp                 Summ           0%         N/A       97%         2
 Ensorcelled Hibernation  Hex/Ice        0%         N/A       97%         2
 Jinxbite                 Hex            0%         N/A       97%         2
 Scorch                   Fire           0%         2d5       97%         2
 Confusing Touch          Hex            0%         N/A       99%         3
 Fugue of the Fallen      Necr           0%         N/A       99%         3
 Gell's Gravitas          Tloc           0%         N/A       99%         3
 Inner Flame              Hex/Fire       0%         N/A       99%         3
 Passwall                 Erth           0%         N/A       99%         3
 Teleport Other           Tloc           0%         N/A       99%         3
 Tukima's Dance           Hex            0%         N/A       99%         3
 Anguish                  Hex/Necr       0%         N/A       100%        4
 Dimensional Bullseye     Hex/Tloc       0%         N/A       100%        4
 Dispel Undead            Necr           0%         3d6       100%        4
 Flame Wave               Conj/Fire      0%         2d4       100%        4
 Iskenderun's Mystic Bla  Conj/Tloc      0%         2d3       100%        4
 Alistair's Intoxication  Alch           0%         N/A       100%        5
 Borgnjor's Vile Clutch   Necr/Erth      0%         N/A       100%        5
 Dispersal                Tloc           0%         N/A       100%        6
 Summon Cactus Giant      Summ           0%         N/A       100%        6


Dungeon Overview and Level Annotations

Branches:
Dungeon (10/15)            Temple (1/1) D:5            Lair (0/5) D:10
    Orc: D:9-12

Altars:
Ashenzari
Cheibriados
Dithmenos
Elyvilon
Fedhas
Gozag
Hepliaklqana
Kikubaaqudgha
Makhleb
Nemelex Xobeh
Okawaru
Qazlal
Ru
Sif Muna
Trog
Uskayaw
Vehumet
Wu Jian
Xom
Yredelemnul
Zin
The Shining One

Shops:
D:9 :

Annotations:
D:4 1 runed translucent door, boopmooplesden's ghost, amateur AtFi
D:5 3 runed translucent doors, middlethird's ghost, novice VSSh
D:8 1 runed translucent door, Biggs's ghost, novice TrBe
D:10 Sonja


Innate Abilities, Weirdness & Mutations

Your life essence is reduced to manifest your ancestor. (-10% HP)
You have a pair of horns on your head.
You reflexively headbutt those who attack you in melee.


Message History

The bone dragon barely misses you.
The bone dragon barely misses Mira.
The bone dragon claws Mira!
The bone dragon barely misses Mira.
Mira hits the bone dragon but does no damage.
The bone dragon misses Mira.
The bone dragon claws Mira.
The bone dragon tramples Mira!
Mira holds her ground!
Mira hits the bone dragon with a +0 dagger of draining.
Mira hits the bone dragon but does no damage.
The bone dragon bites Mira but does no damage.
The bone dragon claws Mira.
The bone dragon misses Mira.
Mira hits the bone dragon but does no damage. x2
A raiju comes into view.
The bone dragon completely misses Mira.
The bone dragon claws Mira!
The bone dragon tramples Mira!
Mira holds her ground!
Mira is destroyed!
You feel less invigorated.
You feel less confused. The bone dragon bites you. The bone dragon claws you!
You block the bone dragon's attack.
You hit the bone dragon but do no damage.
You headbutt the bone dragon, but do no damage.
The bone dragon is moderately damaged.
The bone dragon barely misses you. You furiously retaliate!
You headbutt the bone dragon.
The bone dragon claws you but does no damage.
The bone dragon tramples you!
* * * LOW HITPOINT WARNING * * *
You hold your ground!
It was a potion of magic.
Magic courses through your body. The bone dragon bites you!
* * * LOW HITPOINT WARNING * * *
The bone dragon claws you.
* * * LOW HITPOINT WARNING * * *
The bone dragon tramples you.
* * * LOW HITPOINT WARNING * * *
You hold your ground!
As you read the scroll of fear, it crumbles to dust.
You assume a fearsome visage.
The bone dragon is unaffected.
The raiju looks frightened!
The bone dragon bites you.
You die...

# ### #.##
###@#.# #.
#........D.#....
###..#......#...
................
.....h.....#..#.
#...............
........###.#.##
...##...........
..#..#.#..... .


You could see a bone dragon and a raiju (fleeing).

Vanquished Creatures
  Pikel (D:8)
  Maggie (D:7)
  A troll (D:9)
  A steam dragon (D:8)
  Menkaure (D:6)
  2 water moccasins
  A sky beast (D:6)
  An ogre (D:5)
  3 centaurs
  A kobold brigand (D:9)
  A phantom (D:5)
  A gnoll sergeant (D:9)
  A scorpion (D:5)
  A bombardier beetle (D:7)
  2 jellies (D:6)
  2 orc priests
  4 hounds
  2 iguanas
  3 gnoll boudas
  2 orc wizards
  6 adders
  15 gnolls
  3 shadow imps
  2 white imps
  4 ufetubi
  2 dart slugs (D:2)
  3 ribbon worms
  14 orcs
  3 endoplasms
  4 giant cockroaches
  3 goblins
  3 hobgoblins
  10 jackals
  4 quokkas
  7 ball pythons
  A bat (D:3)
  A frilled lizard (D:1)
  9 kobolds
  2 rats
128 creatures vanquished.

Vanquished Creatures (collateral kills)
  Erica (D:10)
  A large abomination (Abyss:1)
  A shadow (D:9)
  A chaos spawn (Abyss:1)
  A steam dragon (D:8)
  An acid dragon (D:7)
  A water moccasin (D:7)
  An orc warrior (D:9)
  2 sky beasts (D:8)
  A wolf (D:10)
  A phantom (D:7)
  A kobold brigand (D:8)
  An orc priest (D:10)
  A jelly (D:8)
  5 orc wizards
  11 orcs
  A kobold (D:9)
32 creatures vanquished.

Vanquished Creatures (others)
  3 hexers
3 creatures vanquished.

Grand Total: 163 creatures vanquished

Notes
Turn   | Place    | Note
-------+----------+-------------------------------------------
     0 | D:1      | booth the Minotaur Fighter began the quest for the Orb.
     0 | D:1      | Reached XP level 1. HP: 19/19 MP: 0/0
    60 | D:1      | Reached skill level 3 in Axes
    60 | D:1      | Reached XP level 2. HP: 27/27 MP: 1/1
   605 | D:2      | Reached XP level 3. HP: 33/33 MP: 2/2
  1328 | D:3      | Found a bloodstained altar of Trog.
  1513 | D:3      | Reached skill level 4 in Axes
  1577 | D:3      | Reached XP level 4. HP: 38/41 MP: 3/3
  1706 | D:3      | Got the Guidebook on Fetching Erosion
  1781 | D:3      | Found a basalt altar of Yredelemnul.
  2087 | D:4      | Found a blossoming altar of Fedhas.
  2603 | D:4      | Found a broken altar of Ashenzari.
  2785 | D:4      | Found a runed translucent door.
  2785 | D:4      | Noticed boopmooplesden's ghost (amateur AtFi)
  3233 | D:5      | Entered Level 5 of the Dungeon
  3244 | D:5      | Noticed a scorpion
  3254 | D:5      | Reached XP level 5. HP: 31/47 MP: 4/4
  3255 | D:5      | Reached skill level 5 in Axes
  3314 | D:5      | Found a hazy altar of Hepliaklqana.
  3339 | D:5      | Noticed a +0 hand axe
  3340 | D:5      | Noticed a +0 dagger
  3343 | D:5      | Found a hide-covered altar of Uskayaw.
  3377 | D:5      | Noticed a phantom
  3386 | D:5      | Killed a phantom
  3387 | D:5      | Reached skill level 5 in Fighting
  3387 | D:5      | Reached skill level 5 in Armour
  3453 | D:5      | Reached XP level 6. HP: 56/56 MP: 5/5
  3587 | D:5      | Reached skill level 6 in Axes
  3795 | D:5      | Found a staircase to the Ecumenical Temple.
  3831 | Temple   | Entered the Ecumenical Temple
  3892 | D:5      | Became a worshipper of Hepliaklqana the Forgotten
  3940 | D:5      | Found a runed translucent gate.
  3942 | D:5      | Found a runed translucent gate.
  3943 | D:5      | Found a runed translucent gate.
  3944 | D:5      | Noticed middlethird's ghost (novice VSSh)
  4376 | D:6      | Noticed a water moccasin
  4383 | D:6      | Killed a water moccasin
  4384 | D:6      | Reached skill level 7 in Axes
  4384 | D:6      | Reached XP level 7. HP: 27/62 MP: 6/6
  5184 | D:6      | Reached * piety under Hepliaklqana
  5240 | D:6      | Found a sacrificial altar of Ru.
  5347 | D:6      | Reached skill level 8 in Axes
  5480 | D:6      | Noticed Menkaure
  5489 | D:6      | Killed Menkaure
  5490 | D:6      | Reached XP level 8. HP: 8/63 MP: 7/7
  6304 | D:6      | Reached ** piety under Hepliaklqana
  6305 | D:6      | Remembered your ancestor Mira as a hexer
  6768 | D:7      | Reached skill level 1 in Invocations
  6868 | D:7      | Noticed Maggie
  6886 | D:7      | Killed Maggie
  6887 | D:7      | Reached skill level 9 in Axes
  7178 | D:7      | Reached XP level 9. HP: 27/72 MP: 8/10
  7328 | D:7      | Reached skill level 10 in Axes
  7623 | D:7      | Found a shadowy altar of Dithmenos.
  7819 | D:8      | Noticed Pikel
  7826 | D:8      | Killed Pikel
  7985 | D:8      | Found a glowing silver altar of Zin.
  8039 | D:8      | Found a shimmering blue altar of Sif Muna.
  8085 | D:8      | Reached skill level 11 in Axes
  8224 | D:8      | Found a runed translucent door.
  8225 | D:8      | Found a shimmering altar of Xom.
  8225 | D:8      | Noticed Biggs's ghost (novice TrBe)
  8226 | D:8      | Noticed a +0 long sword of chaos
  8543 | D:8      | Reached *** piety under Hepliaklqana
  8555 | D:8      | Found a snail-covered altar of Cheibriados.
  8829 | D:9      | Identified the +12 long sword "Tyweicuv" {vamp, +Blink}
  8929 | D:9      | Reached skill level 1 in Throwing
  9372 | D:9      | Found Laepsar's Book Boutique.
  9715 | D:9      | Noticed a troll
  9723 | D:9      | Killed a troll
  9724 | D:9      | Reached XP level 10. HP: 81/81 MP: 12/12
  9794 | D:9      | Found a glowing golden altar of the Shining One.
  9794 | D:9      | Found a burning altar of Makhleb.
 10028 | D:10     | Entered Level 10 of the Dungeon
 10028 | D:10     | Noticed Sonja
 10028 | D:10     | Found a staircase to the Lair.
 10252 | D:10     | Noticed Erica
 10256 | D:10     | Killed Erica
 10335 | D:10     | Found an iron altar of Okawaru.
 10422 | Abyss:1  | Cast into level 1 of the Abyss (Sonja)
 10533 | Abyss:1  | Noticed a large abomination
 10533 | Abyss:1  | Noticed a bone dragon
 10546 | Abyss:1  | HP: 1/81 [bone dragon (15)]
 10546 | Abyss:1  | Killed a large abomination
 10547 | Abyss:1  | Reached skill level 12 in Axes
 10554 | Abyss:1  | HP: 4/81 [bone dragon (1)]
 10555 | Abyss:1  | Slain by a bone dragon

Illustrated notes

Levels and vault maps discovered:
D:1:      ncdulo_watergridlock, layout_rooms, dk_noncrumbling_2, minivault_27
D:2:      layout_rooms
D:3:      layout_basic, mainiacjoe_overflow_swirl, minivault_24,
          minmay_gold_behind_fungi
D:4:      layout_layer_cave, fedhas_ov_isle_minmay, old_standard_altar,
          gammafunk_ghost_grave
D:5:      layout_basic, dancing_weapons_uskayaw, mainiacjoe_overflow_catwalk,
          minmay_temple_entry_slanted, gammafunk_ghost_necromancy
D:6:      layout_layer_cave, nicolae_ru_awakened_eye, hangedman_decor_growths,
          uniq_menkaure
D:7:      kennysheep_big_flooded_room, layout_loops_ring,
          grunt_dithmenos_shadows, uniq_maggie
D:8:      layout_gridville, kennysheep_mini, amcnicky_altar_gilded, zin_academy,
          ebering_ghost_xom, uniq_pikel
D:9:      layout_basic, gammafunk_temple_overflow_statue, serial_shops, shop
D:10:     layout_irregular_city, mainiacjoe_overflow_surrounded_room,
          erik_lair_orcish_takeover, uniq_sonja, uniq_erica
Temple:   hellmonk_temple_forest_ring
Abyss:1:  base:
D:7

Skill      XL: |  1  2  3  4  5  6  7  8  9 10 |
---------------+-------------------------------+-----
Axes           | 3 4 5 7 8 9 11 12 | 12.0
Fighting       | 4 5 6 7 8 9 |  9.2
Armour         | 4 5 6 7 8 9 |  9.1
Invocations    | 2 4 |  4.9
Throwing       | 1 2 |  2.6
Shields        | 4 |  4.9

Action                     |  1- 3 |  4- 6 |  7- 9 | 10-12 || total
---------------------------+-------+-------+-------+-------++-------
  Melee: War axe           |    96 |    78 |   160 |    17 ||   351
         Headbutt          |    11 |    14 |    35 |     5 ||    65
  Throw: Boomerang         |       |     2 |    49 |     7 ||    58
 Invoke: Ancestor Identity |       |       |     1 |       ||     1
         Ancestor Life: He |       |       |     1 |       ||     1
         Recall Ancestor   |       |       |       |     1 ||     1
    Use: Scroll            |     5 |     2 |     6 |     3 ||    16
         Potion            |       |     1 |     6 |     6 ||    13
   Stab: Confused          |       |       |     7 |       ||     7
         Distracted        |       |       |     1 |       ||     1
 Armour: Scale mail        |    64 |    64 |   134 |    44 ||   306
  Dodge: Dodged            |    44 |    39 |    60 |    13 ||   156
  Block: Buckler           |    18 |    16 |    32 |       ||    66
         Kite shield       |       |       |     5 |    13 ||    18
